 Dungeon Crawl Stone Soup version 0.24.0-35-gdb84b6a5db (webtiles) character file.

Game seed: 17866395068000591730, levelgen mode: deterministic

166 DildoBatman the Conjurer (level 5, -2/35 HPs)
             Began as a Formicid Wizard on Nov 17, 2019.
             Was an Initiate of Kikubaaqudgha.
             Hit by a boomerang thrown by an orc (4 damage)
             ... on level 4 of the Dungeon on Nov 18, 2019.
             The game lasted 00:11:16 (3582 turns).

DildoBatman the Conjurer (Formicid Wizard)          Turns: 3582, Time: 00:11:17

Health: -2/35      AC:  2    Str: 12    XL:     5   Next: 76%
Magic:  9/9        EV: 12    Int: 18    God:    Kikubaaqudgha [......]
Gold:   163        SH:  6    Dex:  9    Spells: 3/10 levels left

rFire    . . .     SeeInvis +   a - +0 dagger (elec)
rCold    . . .     Gourm    .   t - +2 buckler
rNeg     . . .     Faith    .   f - +0 robe
rPois    .         Spirit   .   (helmet unavailable)
rElec    .         Reflect  .   (no cloak)
rCorr    .         Harm     .   (no gloves)
MR       .....                  (no boots)
Stlth    +.........             (no amulet)
HPRegen  0.11/turn              c - ring of attention (curse)
MPRegen  0.11/turn              q - ring of teleportation (curse)

@: no status effects
A: permanent stasis, dig shafts and tunnels, four strong arms, antennae 3
a: Dig, Shaft Self, Renounce Religion


You were on level 4 of the Dungeon.
You worshipped Kikubaaqudgha.
Kikubaaqudgha was noncommittal.
You were not hungry.

You visited 2 branches of the dungeon, and saw 5 of its levels.

You collected 163 gold pieces.

Inventory:

Hand Weapons
 a - a +0 dagger of electrocution (weapon)
 b - a +0 hunting sling
 d - a +0 mace
 e - a +0 spear
Missiles
 h - 206 stones (quivered)
 o - 43 arrows
 p - 37 sling bullets
Armour
 f - a +0 robe (worn)
 t - a +2 buckler (worn)
Jewellery
 c - a cursed ring of attention (left hand)
 i - a +4 ring of dexterity
 q - a cursed ring of teleportation (right hand)
 w - an uncursed ring of see invisible {unknown}
Scrolls
 l - a scroll of amnesia
 n - a scroll of fear
 r - 3 scrolls of immolation
 x - a scroll of teleportation {unknown}
 z - 3 scrolls of identify
Potions
 j - 3 potions of flight {unknown}
 k - a potion of resistance {unknown}
 m - a potion of degeneration {unknown}
 s - a potion of curing {unknown}
 u - 2 potions of mutation {unknown}
Comestibles
 g - 8 chunks of flesh
 v - 4 rations


   Skills:
 - Level 1.7 Dodging
 - Level 2.4 Stealth
 - Level 2.4 Shields
 - Level 3.2 Spellcasting
 * Level 4.0 Conjurations
   Level 1.0 Summonings
   Level 0.8 Translocations
 * Level 0.5 Fire Magic
 * Level 0.4 Air Magic


You had 3 spell levels left.
You knew the following spells:

 Your Spells              Type           Power        Failure   Level  Hunger
a - Conjure Flame         Conj/Fire      ##......     19%         3    ###....
c - Magic Dart            Conj           ###.         3%          1    None
e - Mephitic Cloud        Conj/Pois/Air  #.......     26%         3    ###....

Your spell library contained the following spells:

 Spells                   Type           Power        Failure   Level  Hunger
 Call Imp                 Summ           #.......     16%         2    ##.....
 Slow                     Hex            #.......     24%         2    ##.....
 Blink                    Tloc           Unusable     N/A         2    N/A

Dungeon Overview and Level Annotations

Branches:
Dungeon (4/15)             Temple (1/1) D:4

Altars:
Ashenzari
Cheibriados
Dithmenos
Elyvilon
Fedhas
Gozag
Hepliaklqana
Kikubaaqudgha
Makhleb
Okawaru
Qazlal
Ru
Sif Muna
Trog
Uskayaw
Vehumet
Wu Jian
Xom
Yredelemnul
Zin
The Shining One

Annotations:
D:1 Sigmund
D:2 1 runed translucent door, exclusions: leopard gecko and 1 more exclusion, Crazy Yiuf


Innate Abilities, Weirdness & Mutations

You cannot be hasted, slowed, berserked, paralysed or teleported.
You can dig through walls and to a lower floor.
Your four strong arms can wield two-handed weapons with a shield.
You have a pair of large antennae on your head. (SInv)


Message History

You eat one of the 9 chunks of flesh.
Your magical contamination has completely faded away.
You start resting.
Magic restored.
You climb upwards.
Welcome back to the Dungeon!
The orc closely misses you. The scorpion stings you.
The orc hits you with a +0 falchion of distortion!
Space bends around you.
There is a staircase to the Ecumenical Temple, spattered with blood here.
The scorpion barely misses you.
An orc comes into view. It is wielding a +0 flail.
The orc shouts!
You hear a shout!
The orc hits you with a +0 flail!
The orc throws a boomerang.
The boomerang hits you.
You die...
Kikubaaqudgha rasps: "You have failed me!
Welcome... death!"

#################
#...............#
#..#.....#..#...#
#..).......os@..#
#>..............#######
#............o.....o..#
#..#..#..#..#...###.#.#
#....).[........###.#.########
#################.#.#.#.....o.
#.#.#.#.#####. #...#.........
###.###.##..###.


You could see a scorpion and 2 orcs.

Vanquished Creatures
  A hound (D:4)
  An orc priest (D:4)
  2 adders
  An adder skeleton (D:4)
  A dart slug (D:1)
  6 leopard geckos
  7 orcs
  3 giant cockroaches
  4 goblins
  7 hobgoblins
  3 jackals
  15 kobolds
  2 quokkas (D:2)
  2 ball pythons
  3 bats
  6 frilled lizards
  6 rats
70 creatures vanquished.

Vanquished Creatures (others)
  A plant (D:2)
1 creature vanquished.

Grand Total: 71 creatures vanquished

Notes
Turn   | Place    | Note
-------+----------+-------------------------------------------
     0 | D:1      | DildoBatman the Formicid Wizard began the quest for the
                  | Orb.
     0 | D:1      | Reached XP level 1. HP: 13/13 MP: 4/4
    74 | D:1      | Reached skill level 1 in Conjurations
   220 | D:1      | Reached XP level 2. HP: 19/19 MP: 1/6
   289 | D:1      | Reached skill level 2 in Conjurations
   702 | D:1      | Reached XP level 3. HP: 22/24 MP: 3/7
   707 | D:1      | Learned a level 3 spell: Conjure Flame
   711 | D:1      | Learned a level 3 spell: Mephitic Cloud
  1432 | D:2      | Reached skill level 3 in Conjurations
  1657 | D:2      | Reached XP level 4. HP: 30/30 MP: 3/8
  1736 | D:2      | Found a runed translucent door.
  1737 | D:2      | Noticed Crazy Yiuf
  2132 | D:3      | Found a faded altar of an unknown god.
  2286 | D:3      | Noticed Sigmund
  2981 | D:4      | Found a staircase to the Ecumenical Temple.
  2992 | Temple   | Entered the Ecumenical Temple
  3261 | Temple   | Became a worshipper of Kikubaaqudgha
  3282 | Temple   | Reached XP level 5. HP: 23/35 MP: 6/9
  3397 | D:4      | Reached skill level 4 in Conjurations
  3582 | D:4      | Hit by a boomerang thrown by an orc

Levels and vault maps discovered:
D:1:      nzn_arrival_settlement, layout_loops_ring,
          kennysheep_decorative_pillar
D:2:      layout_rooms, lexackson_kobold_supper, uniq_crazy_yiuf_cottage
D:3:      layout_basic, chequers_ecumenical_altar_grove, first_ration,
          uniq_sigmund
D:4:      layout_basic, temple_hall, hex_medium, chequers_serial_rivers_micro_a,
          uniq_blork_the_orc
Temple:   compressed_dpeg_triangle_lava_temple

Skill      XL: |  1  2  3  4  5 |
---------------+----------------+-----
Conjurations   | 1 2 3 4 |  4.0
Shields        | 2 |  2.4
Dodging        | |  1.7
Stealth        | |  2.4
Spellcasting   | |  3.2
Summonings     | |  1.0
Translocations | |  0.8
Fire Magic     | |  0.5
Air Magic      | |  0.4

Action                   |  1- 3 |  4- 6 || total
-------------------------+-------+-------++-------
Melee: Dagger            |    35 |    15 ||    50
       Short sword       |    12 |       ||    12
 Fire: Hunting sling     |       |    15 ||    15
 Cast: Magic Dart        |    88 |    43 ||   131
       Mephitic Cloud    |       |     4 ||     4
 Abil: Dig               |     1 |     4 ||     5
  Use: Scroll            |     1 |     4 ||     5
  Eat: Chunk             |     2 |     7 ||     9
Armor: Robe              |    13 |     4 ||    17
Dodge: Dodged            |    31 |    41 ||    72
Block: Buckler           |       |     7 ||     7
